Minoru, lawful male human Samurai --------- |.......| ---.......-------... ...............^..... ---...........<........ ----..........^.....*...... ..)...|................J....--- --------........).).....@.---.---------- |....E.........---.......%........ -----........-- ------------...--- ---------- ---...-- ----- ------- --.)%---...-- --......- ---.)......| |........| |.......-- --......-- |--..---- ------..------...-- |...........| ------------ Minoru the Ninja Experience level: 8 Strength: 14 Dexterity: 15 Constitution: 18 Intelligence: 9 Wisdom: 10 Charisma: 7 Health: 0(89) Energy: 34(34) Def: 10 Gold: 592 Moves: 6046 Dungeon seed: j2KJYY_4kZK4stmU Game ID: Minoru_1528748449 Your Inventory: Coins $ - 592 gold pieces Weapons a - an uncursed +0 katana (weapon in hand) b - an uncursed +0 wakizashi c - an uncursed +0 yumi (alternate weapon; not wielded) d - 2 uncursed +0 ya (in quiver) l - 8 cursed -3 arrows p - 4 cursed +0 arrows R - an uncursed +0 dwarvish short sword Armor e - an uncursed rustproof +0 splint mail (being worn) n - a blessed +0 dwarvish cloak (being worn) q - a blessed +1 orcish helm named uncursed (being worn) Y - an uncursed +0 pair of iron shoes (being worn) Comestibles j - an uncursed bar of chocolate s - 6 uncursed gunyoki M - an uncursed eucalyptus leaf Scrolls g - a blessed scroll of confuse monster W - a cursed scroll of teleportation Wands X - an uncursed wand of digging (0:5) Tools i - 5 cursed tallow candles (0:200) o - an uncursed skeleton key u - a cursed partly used tallow candle (lit) (0:79) O - an uncursed osaku V - an uncursed towel Gems r - an uncursed worthless piece of red glass Spells and supernatural/magical abilities: Name Level Category Fail Memory h - healing 1 healing 100% 88% W - pray for help -- divine ? -- Your skills at the end: Fighting Skills martial arts [Basic] two weapon combat [Skilled] Weapon Skills short sword [Basic] long sword [Skilled] bow [Basic] Spellcasting Skills Final Attributes: You were piously aligned. You were fast. You are dead. Vanquished creatures: a large mimic a giant zombie a wood golem a dwarf king a human mummy 2 leather golems a panther a leprechaun an iron piercer 2 giant spiders a black light 2 vampire bats 3 gnome kings a dwarf mummy a gold golem a housecat a plains centaur a human zombie 2 bugbears an imp a wood nymph a water nymph a mountain nymph a rock mole a woodchuck 17 gnome lords 8 gnomish wizards a kobold mummy a black naga hatchling 2 paper golems a baby crocodile 2 giant ants 2 little dogs 4 dwarves a homunculus 2 kobold shamans a rothe a rabid rat 2 giant bats a monkey an iguana an acid blob 6 coyotes a gas spore a large kobold a hobgoblin 4 giant rats a yellow mold 64 gnomes a gnome zombie 8 jackals 2 kobolds 2 goblins 3 sewer rats 6 grid bugs a bat 4 lichens 4 newts 188 creatures vanquished. Voluntary challenges: You had been an atheist until turn 3176. You used a wielded weapon 391 times, starting on turn 12. You read items or engraved 5 times, starting on turn 3574. You never genocided any monsters. You never polymorphed an object. You never changed form. You used no wishes. You never split a pudding. You never wrote Elbereth's name. You violated your moral code, losing 1 point of alignment, starting on turn 6042. Dungeon overview: The Dungeons of Doom: levels 1 to 4 Level 1 a fountain a long staircase Level 2 a fountain Level 3 stairs to The Gnomish Mines Level 4 The Gnomish Mines: levels 4 to 12 Level 4 stairs to The Dungeons of Doom Level 5 Level 6 Level 7 many shops, a temple to Raijin, some fountains Level 8 Level 9 Level 10 Level 11 Level 12 <- You were here History has recorded: On T:1 you entered the Dungeons of Doom to retrieve the Amulet of Yendor! On T:18 you reached level 2 of The Dungeons of Doom. On T:192 you advanced to experience level 2. On T:642 you reached level 3 of The Dungeons of Doom. On T:738 you advanced to experience level 3. On T:827 you reached level 4 of The Dungeons of Doom. On T:1051 you reached level 1 of The Gnomish Mines. On T:1216 you advanced to experience level 4. On T:1419 you reached level 2 of The Gnomish Mines. On T:1486 you advanced to experience level 5. On T:1870 you reached level 3 of The Gnomish Mines. On T:1874 you advanced to experience level 6. On T:2557 you reached level 4 of The Gnomish Mines. On T:2931 you advanced to experience level 7. On T:3007 you reached level 5 of The Gnomish Mines. On T:3660 you reached level 6 of The Gnomish Mines. On T:4308 you advanced to experience level 8. On T:4624 you reached level 7 of The Gnomish Mines. On T:4869 you reached level 8 of The Gnomish Mines. On T:5473 you reached level 9 of The Gnomish Mines. Score breakdown: Gold: 592 ( 9432 points) Experience: 8 levels (14739 points) Exploration: 12 levels ( 24.49%) (14361 points) Discoveries: 7 items ( 2.85%) ( 5060 points) Valuables value: (no points given unless you survive) Artifact value: 0 ( 0 points) Variety of kills: 58 monsters ( 15.22%) (11705 points) Turncount: 6046 turns (-1635 points) Survival: died (score multiplied by 80%) Total score: 42929 Latest messages: The ya hits the fire elemental. You shoot 2 ya. The 1st ya hits the fire elemental! The 2nd ya misses the fire elemental. You shoot 2 ya. The 1st ya misses the fire elemental. The 2nd ya hits the fire elemental! The ya hits the fire elemental! You shoot 2 ya. The 1st ya misses. It screams! The 2nd ya misses. Please move the cursor to an unknown object. Never mind. The ya hits the jabberwock! You are now wielding your katana. c - an uncursed +0 yumi (alternate weapon; not wielded). You hit the jabberwock! The jabberwock bites! (2x) The jabberwock hits! You die... Final status: Sayonara Minoru the Samurai, killed by a jabberwock... You died in The Gnomish Mines on dungeon level 12 with 42929 points, and 592 pieces of gold, after 6046 moves. You were level 8 with a maximum of 89 hit points when you died.